 Dungeon Crawl Stone Soup version 0.31-a0-221-gbddc013574 (webtiles) character file.

Game seed: 14398773874980516546

31 Anon1729 the Trooper (level 3, -7/33 HPs)
             Began as a Minotaur Monk on July 4, 2023.
             Mangled by a gnoll
             ... wielding a +0 halberd
              (10 damage)
             ... on level 2 of the Dungeon.
             The game lasted 00:00:21 (1215 turns).

Anon1729 the Trooper (Minotaur Monk)                Turns: 1215, Time: 00:00:22

Health: -7/33      AC:  6    Str: 15    XL:     3   Next: 7%
Magic:  2/2        EV: 10    Int:  7    God:
Gold:   55         SH:  0    Dex: 14    Spells: 2/2 levels left

rFire   . . .        a - +0 short sword
rCold   . . .        d - orb {light}
rNeg    . . .        m - +0 scale mail
rPois   .            (helmet restricted)
rElec   .            (no cloak)
rCorr   .            (no gloves)
SInv    .            (no boots)
Will    +....        (no amulet) Stlth
                     g - ring of willpower
HPRegen 0.25/turn    (no ring)
MPRegen 0.08/turn

%: no passive effects
@: confused, ambrosia-drunk, glowing
A: horns 2, retaliatory headbutt
a: no special abilities


You were on level 2 of the Dungeon.
You visited 1 branch of the dungeon, and saw 2 of its levels.

You collected 55 gold pieces.

Inventory:

Hand Weapons
 a - a +0 short sword (weapon)
Missiles
 e - a throwing net
Armour
 b - a +0 robe
 d - an orb of light (worn)
 m - a +0 scale mail (worn)
Jewellery
 g - a ring of willpower (left hand)
Scrolls
 h - 2 scrolls of teleportation {unknown}
 j - a scroll of brand weapon {unknown}
 l - a scroll of amnesia {unknown}
Potions
 f - a potion of haste {unknown}
 i - a potion of lignification {unknown}
 k - a potion of brilliance {unknown}


   Skills:
 + Level 4.0 Fighting
 + Level 3.6 Short Blades
 + Level 1.2 Armour
 + Level 3.6 Dodging
 + Level 1.0 Invocations


You had 2 spell levels left.
You didn't know any spells.
Your spell library contained the following spells:

 Spells                   Type           Power      Damage    Failure   Level
 Cigotuvi's Dreadful Rot  Necr/Pois/Air  0%         N/A       96%         2
 Ignite Poison            Fire/Tmut/Pois 0%         N/A       99%         3
 Freezing Cloud           Conj/Ice/Air   0%         6-21      100%        5


Dungeon Overview and Level Annotations

Branches:
Dungeon (2/15)

Altars:
Cheibriados


Innate Abilities, Weirdness & Mutations

You have a pair of horns on your head.
You reflexively headbutt those who attack you in melee.


Message History

The gnoll hits you with a +0 spear.
You hit the gnoll.
The gnoll is heavily wounded.
The gnoll barely misses you.
The gnoll hits you from afar with a +0 halberd!
The gnoll hits you with a +0 whip.
You are too injured to fight recklessly!
You are too injured to fight recklessly!
You are too injured to fight recklessly!
You are too injured to fight recklessly!
You are too injured to fight recklessly!
You are too injured to fight recklessly!
You are too injured to fight recklessly!
You are too injured to fight recklessly!
You are too injured to fight recklessly!
You are too injured to fight recklessly!
You are too injured to fight recklessly!
You are too injured to fight recklessly!
You are too injured to fight recklessly!
You are too injured to fight recklessly!
You are too injured to fight recklessly!
You are too injured to fight recklessly!
You are too injured to fight recklessly!
You are too injured to fight recklessly!
You are too injured to fight recklessly!
You are too injured to fight recklessly!
You are too injured to fight recklessly!
You are too injured to fight recklessly!
The gnoll completely misses you.
The gnoll hits you from afar with a +0 halberd!
* * * LOW HITPOINT WARNING * * *
The gnoll hits you but does no damage. The gnoll attacks as you move away!
The gnoll hits you with a +0 whip.
* * * LOW HITPOINT WARNING * * *
You are confused.
You feel invigorated.
The gnoll hits you from afar with a +0 spear.
* * * LOW HITPOINT WARNING * * *
The gnoll hits you from afar with a +0 halberd!
You die...

#..$...........
#.............. .
#.....[........
#.#..............
#.........g)...#
##........Kg...#
........gS.....#
........gg.....#
..####@########
#.## #..# ##.##
#..##########
##..........## #
##########..####
#...........
#...........


You could see 4 gnolls, an adder, a hobgoblin and a kobold.

Vanquished Creatures
  2 endoplasms (D:1)
  2 giant cockroaches (D:1)
  6 goblins
  3 hobgoblins
  2 jackals (D:1)
  2 quokkas (D:1)
  2 ball pythons (D:1)
  3 bats (D:1)
  2 kobolds
  3 rats (D:1)
27 creatures vanquished.

Notes
Turn   | Place    | Note
-------+----------+-------------------------------------------
     0 | D:1      | Anon1729 the Minotaur Monk began the quest for the Orb.
     0 | D:1      | Reached XP level 1. HP: 19/19 MP: 0/0
   228 | D:1      | Reached XP level 2. HP: 24/27 MP: 1/1
   478 | D:1      | Reached skill level 1 in Armour
  1149 | D:2      | Reached skill level 1 in Invocations
  1160 | D:2      | Found a snail-covered altar of Cheibriados.
  1179 | D:2      | Reached skill level 4 in Fighting
  1179 | D:2      | Reached XP level 3. HP: 32/33 MP: 2/2
  1214 | D:2      | HP: 1/33 [gnoll/+0 whip (2)]
  1215 | D:2      | Mangled by a gnoll

Illustrated notes

Levels and vault maps discovered:
D:1:      nagdon_arrival_double_spiral, layout_basic
D:2:      layout_basic, basic_altar, ebering_ecumenical_altar_box,
          minmay_misc_feat_five

Skill      XL: |  1  2 |
---------------+-------+-----
Armour         | 1 |  1.2
Invocations    | 1 |  1.0
Fighting       | 4 |  4.0
Short Blades   | |  3.6
Dodging        | |  3.6

Action                     || total
---------------------------++-------
  Melee: Short sword       ||    61
         Headbutt          ||    12
    Use: Potion            ||     1
 Armour: Robe              ||     7
         Scale mail        ||     2
  Dodge: Dodged            ||    40

Table legend: (Time is in decaauts)
 A = Elapsed time spent in this place.
 B = Non-inter-level travel time spent in this place.
 C = Inter-level travel time spent in this place.
 D = Time resting spent in this place.
 E = Time spent auto-exploring this place.
 F = Levels seen in this place.
 G = Mean time per level.
                   A        B        C        D        E       F      G
               +--------+--------+--------+--------+--------+-----+--------+
         Total |   1203 |   1117 |     86 |      0 |    979 |   2 |  601.5 |
       Dungeon |   1203 |   1117 |     86 |      0 |    979 |   2 |  601.5 |
               +--------+--------+--------+--------+--------+-----+--------+

Top non-repeatable levels by time:
     D:1: 1095 daAuts
     D:2: 108 daAuts
